Map: Moondance

Players

Taxonman - Winner!

  • Race: Terran Terran
  • League: Gold
  • Spawn Location: 12:00

MattBarry

  • Race: Zerg Zerg
  • League: Silver
  • Spawn Location: 6:00

VOD

Have the link to the VOD?

Description

Time

  • Played on: Jan. 19, 2023, 12:59 a.m.
  • Length: 10:35
Show
View Real Time Build Order
Export as new Build Order

Taxonman Terran - Winner!

Build Orders: Hellion Opening 

Get SALT Encoding   

  12  0:00  SCV  
  13  0:12  SCV  
  14  0:17  Supply Depot  
  14  0:24  Refinery  
  14  0:28  SCV  
  15  0:41  Barracks  
  15  0:46  SCV  
  16  0:58  SCV  
  17  1:11  SCV  
  18  1:23  SCV  
  19  1:28  Factory  
  19  1:29  Marine  
  20  1:35  Supply Depot  
  20  1:43  SCV  
  21  1:47  Barracks Reactor  
  20  2:08  Orbital Command  
  20  2:30  Supply Depot  
  20  2:31  Hellion x2  
  24  2:40  Command Center  
  24  2:42  Marine  
  25  2:52  SCV  
  25  2:54  Hellion  
  28  3:04  Marine  
  29  3:13  SCV  
  30  3:22  Supply Depot  
  30  3:25  SCV  
  30  3:26  Barracks Tech Lab, Hellion x2  
  35  3:37  SCV, Refinery  
  36  3:48  Marauder, Hellion  
  40  3:50  Hellion  
  42  4:18  Orbital Command, Marauder, Hellion x2  
  42  4:20  SCV  
  49  4:43  SCV  
  46  4:55  SCV  
  46  4:56  Marauder  
  46  4:57  Hellion x2  
  53  5:01  SCV  
  52  5:07  SCV  
  52  5:11  Bunker  
  53  5:14  Concussive Shells  
  53  5:18  Hellion  
  53  5:19  Barracks  
  55  5:21  Barracks  
  55  5:24  SCV x2  
  57  5:38  SCV x2  
  57  5:40  Marauder  
  61  5:45  Starport  
  61  5:58  SCV  
  61  6:02  Factory Tech Lab  
  62  6:06  Supply Depot  
  62  6:08  Barracks Tech Lab  
  62  6:09  Barracks Reactor  
  62  6:22  Supply Depot, SCV x2, Marauder  
  66  6:26  Siege Tank  
  66  6:28  Stimpack  
  69  6:34  SCV  
  69  6:39  Marauder  
  72  6:40  SCV  
  72  6:44  Marauder, Medivac x2  
  72  6:46  SCV  
  80  6:49  Engineering Bay  
  80  6:50  Engineering Bay  
  80  6:56  Marine x2  
  82  7:07  Supply Depot  
  82  7:13  SCV x2  
  82  7:14  Supply Depot  
  82  7:15  Viking  
  86  7:28  SCV x2, Siege Tank  
  91  7:34  Missile Turret  
  91  7:36  Missile Turret  
  91  7:39  Marine x2  
  91  7:40  Marauder x2  
  97  8:00  Refinery  
  97  8:01  Marine x2  
  97  8:02  Refinery  
  97  8:03  Command Center, Marauder  
  101  8:11  Supply Depot  
  101  8:16  SCV  
  101  8:17  Terran Infantry Weapons Level 1  
  102  8:32  Marine x2  
  102  8:33  SCV, Marauder x2  
  109  8:50  SCV  
  110  8:55  Command Center  
  110  9:15  SCV, Marauder, Siege Tank  
  112  9:25  Marine x2  
  112  9:26  Marine  
  100  9:36  Marauder  
  101  9:43  Marine  
  101  9:44  Marauder  
  104  9:58  Marauder  
  100  10:01  Marine x2  
  100  10:05  Marine  
  98  10:18  Barracks x2  
Show
View Real Time Build Order
Export as new Build Order

MattBarry Zerg 

Build Orders: Pool First 

Get SALT Encoding   

  12  0:01  Drone  
  13  0:13  Overlord  
  13  0:16  Drone  
  14  0:25  Drone, Extractor  
  14  0:39  Drone  
  15  0:44  Spawning Pool  
  15  0:49  Drone  
  15  0:52  Drone  
  16  1:00  Drone  
  17  1:09  Drone  
  18  1:32  Zergling x4  
  20  1:36  Hatchery  
  19  1:41  Zergling x2  
  20  1:49  Metabolic Boost  
  20  2:05  Drone x2  
  22  2:14  Overlord  
  22  2:15  Extractor  
  21  2:20  Extractor  
  22  2:32  Queen  
  22  2:36  Drone  
  25  2:37  Drone  
  26  2:53  Hatchery  
  26  2:57  Roach Warren  
  24  3:00  Queen  
  26  3:07  Queen  
  28  3:15  Drone  
  28  3:16  Drone x2  
  28  3:17  Drone  
  32  3:35  Drone x3  
  35  3:44  Overlord  
  35  3:45  Overlord  
  35  3:50  Zergling x2  
  33  4:12  Queen  
  35  4:22  Drone x4  
  35  4:23  Drone x2  
  41  4:26  Queen  
  43  4:34  Queen  
  42  4:40  Roach x3  
  42  4:41  Roach x2  
  40  5:12  Drone x3  
  40  5:13  Drone x6  
  49  5:32  Extractor  
  49  5:33  Lair  
  48  5:39  Overlord  
  48  5:44  Zergling x2  
  48  5:45  Zergling x2  
  50  5:57  Drone  
  50  5:58  Drone x3, Overlord  
  54  6:12  Drone x2  
  54  6:13  Drone x2, Overlord  
  56  6:42  Glial Reconstitution  
  56  6:44  Drone x2  
  56  6:45  Drone x4  
  62  6:51  Pneumatized Carapace  
  62  7:02  Hatchery  
  61  7:35  Overlord  
  61  7:36  Overlord  
  61  7:39  Ravager  
  61  7:40  Drone  
  61  7:41  Drone x3, Overlord x3  
  66  7:59  Hatchery  
  65  8:10  Overlord  
  65  8:12  Roach x7  
  81  8:13  Roach x2  
  81  8:14  Zergling x14  
  81  8:19  Baneling Nest  
  89  8:26  Evolution Chamber  
  88  8:29  Evolution Chamber  
  87  8:38  Overseer  
  85  8:57  Roach x7  
  85  8:58  Roach  
  89  9:26  Zergling x16  
  89  9:27  Zergling x14  
  68  9:39  Zergling x10  
  68  9:44  Zergling x2  
  68  9:45  Zergling x10  
  75  9:59  Zergling x2  
  62  10:00  Zergling x12  
Tags
 
Add a new tag
Caveats
  • Supply blocks, unpowered buildings, or Contaminate may cause inaccurate times.
  • Supply counts are checked every 10 seconds.